| TOP OF THE 1ST |
|
Seattle Mariners batting - Pitching for Baltimore Orioles : RHP Kevin Cushman
|
|
Pitching: RHP Kevin Cushman
|
|
|
Batting: LHB Dae-ik Yoon
|
0-0: Ball 1-0: Ball 2-0: Ball 3-0: Called Strike 3-1: Base on Balls
|
|
Batting: LHB John Zumbo
|
0-0: Ball 1-0: Called Strike 1-1: Ball 2-1: Ball 3-1: Sac Bunt to 25 - play at first, batter OUT! 5-4 Dae-ik Yoon to second
|
|
Batting: SHB Tze-meng Gan
|
0-0: Ball 1-0: SINGLE (Groundball, 5L, EV 103.1 MPH) (infield hit) Dae-ik Yoon to third
|
|
Batting: RHB Jose Vasquez
|
0-0: Fly out, F3 (Popup, 34S, EV 86.9 MPH)
|
|
Batting: RHB Steve Bartman Jr.
|
0-0: Ball 1-0: Ball 2-0: Called Strike 2-1: Ground out 5-3 (Groundball, 5L, EV 90.0 MPH)
|
| Top of the 1st over - 0 runs, 1 hit, 0 errors, 2 left on base; Seattle 0 - Baltimore 0 |
| BOTTOM OF THE 1ST |
|
Baltimore Orioles batting - Pitching for Seattle Mariners : RHP Bas Kooy
|
|
Pitching: RHP Bas Kooy
|
|
|
Batting: RHB Alex Rodriguez Jr.
|
0-0: Ball 1-0: Ball 2-0: SINGLE (Line Drive, 9S, EV 87.5 MPH)
|
|
Batting: RHB Kevin Howard
|
0-0: Foul Ball, location: 2F 0-1: Called Strike 0-2: Ball 1-2: Strikes out swinging
|
|
Batting: LHB Brad Pepin
|
0-0: Ball 1-0: Swinging Strike 1-1: Fly out, F7 (Flyball, 7, EV 81.9 MPH)
|
|
Batting: LHB Stu Sornson
|
0-0: Ball 1-0: Foul Ball, location: 2F 1-1: Ball 2-1: Ground out U3 (Groundball, 3, EV 106.3 MPH)
|
| Bottom of the 1st over - 0 runs, 1 hit, 0 errors, 1 left on base; Seattle 0 - Baltimore 0 |
| TOP OF THE 2ND |
|
Seattle Mariners batting - Pitching for Baltimore Orioles : RHP Kevin Cushman
|
|
Batting: LHB Cliff Thomas
|
0-0: Swinging Strike 0-1: Called Strike 0-2: Strikes out swinging
|
|
Batting: RHB Ivan Colon
|
0-0: Ball 1-0: Called Strike 1-1: Ball 2-1: Swinging Strike 2-2: Ball 3-2: Foul Ball, location: 2F 3-2: Foul Ball, location: 2F 3-2: Ground out U3 (Groundball, 3S, EV 86.9 MPH)
|
|
Batting: LHB Jerrod Cluck
|
0-0: Ball 1-0: Ball 2-0: Ball 3-0: Called Strike 3-1: Called Strike 3-2: Foul Ball, location: 2F 3-2: SINGLE (Groundball, 4M, EV 109.4 MPH) (infield hit)
|
|
Batting: RHB Young-kwang Ohnn
|
0-0: SINGLE (Line Drive, 8RS, EV 113.1 MPH) Jerrod Cluck to second
|
|
Batting: LHB Dae-ik Yoon
|
0-0: Ball 1-0: Called Strike 1-1: Ball 2-1: Ball 3-1: Foul Ball, location: 2F 3-2: Base on Balls Jerrod Cluck to third Young-kwang Ohnn to second
|
|
Batting: LHB John Zumbo
|
0-0: Called Strike 0-1: Ball 1-1: Ground out U3 (Groundball, 34, EV 89.4 MPH)
|
| Top of the 2nd over - 0 runs, 2 hits, 0 errors, 3 left on base; Seattle 0 - Baltimore 0 |
| BOTTOM OF THE 2ND |
|
Baltimore Orioles batting - Pitching for Seattle Mariners : RHP Bas Kooy
|
|
Batting: LHB Paul Diaz
|
0-0: Ball 1-0: Called Strike 1-1: Ball 2-1: Ground out U3 (Groundball, 3, EV 111.3 MPH)
|
|
Batting: RHB Dermott Neill
|
0-0: Ball 1-0: Ball 2-0: Foul Ball, location: 2F 2-1: Ball 3-1: Base on Balls
|
|
Batting: RHB Randy Johnson Jr.
|
0-0: Foul Ball, location: 2F 0-1: Foul Ball, location: 2F 0-2: Strikes out swinging
|
|
Batting: RHB Jeremy Giesler
|
0-0: Fly out, F9 (Flyball, 9, EV 98.8 MPH)
|
| Bottom of the 2nd over - 0 runs, 0 hits, 0 errors, 1 left on base; Seattle 0 - Baltimore 0 |
| TOP OF THE 3RD |
|
Seattle Mariners batting - Pitching for Baltimore Orioles : RHP Kevin Cushman
|
|
Batting: SHB Tze-meng Gan
|
0-0: Swinging Strike 0-1: Called Strike 0-2: Ball 1-2: Foul Ball, location: 2F 1-2: Fly out, F8 (Flyball, 8LS, EV 90.0 MPH)
|
|
Batting: RHB Jose Vasquez
|
0-0: Ball 1-0: Ball 2-0: Called Strike 2-1: Foul Ball, location: 2F 2-2: Strikes out swinging
|
|
Batting: RHB Steve Bartman Jr.
|
0-0: Foul Ball, location: 2F 0-1: Called Strike 0-2: Ball 1-2: Ball 2-2: Ball 3-2: Base on Balls
|
|
Batting: LHB Cliff Thomas
|
0-0: Called Strike 0-1: Called Strike 0-2: Ball Wild Pitch! Steve Bartman Jr. to second 1-2: Strikes out swinging
|
| Top of the 3rd over - 0 runs, 0 hits, 0 errors, 1 left on base; Seattle 0 - Baltimore 0 |
| BOTTOM OF THE 3RD |
|
Baltimore Orioles batting - Pitching for Seattle Mariners : RHP Bas Kooy
|
|
Batting: RHB Carlos Talavera
|
0-0: Ball 1-0: Foul Ball, location: 2F 1-1: Ball 2-1: Ball 3-1: Called Strike 3-2: Ground out 5-3 (Groundball, 56, EV 82.5 MPH)
|
|
Batting: RHB Alex Rodriguez Jr.
|
0-0: Called Strike 0-1: Foul Ball, location: 2F 0-2: Ball 1-2: Strikes out swinging, 2-3 out at first.
|
|
Batting: RHB Kevin Howard
|
0-0: Called Strike 0-1: Called Strike 0-2: Ball 1-2: Foul Ball, location: 2F 1-2: Strikes out swinging
|
| Bottom of the 3rd over - 0 runs, 0 hits, 0 errors, 0 left on base; Seattle 0 - Baltimore 0 |
| TOP OF THE 4TH |
|
Seattle Mariners batting - Pitching for Baltimore Orioles : RHP Kevin Cushman
|
|
Batting: RHB Ivan Colon
|
0-0: Foul Ball, location: 2F 0-1: Ball 1-1: Fly out, F8 (Line Drive, 8RD, EV 96.9 MPH)
|
|
Batting: LHB Jerrod Cluck
|
0-0: Called Strike 0-1: Ball 1-1: Foul Ball, location: 2F 1-2: Foul Ball, location: 2F 1-2: Ball 2-2: Strikes out swinging, 2-3 out at first.
|
|
Batting: RHB Young-kwang Ohnn
|
0-0: Ball 1-0: Foul Ball, location: 2F 1-1: Ground out 6-3 (Groundball, 6, EV 88.1 MPH)
|
| Top of the 4th over - 0 runs, 0 hits, 0 errors, 0 left on base; Seattle 0 - Baltimore 0 |
| BOTTOM OF THE 4TH |
|
Baltimore Orioles batting - Pitching for Seattle Mariners : RHP Bas Kooy
|
|
Batting: LHB Brad Pepin
|
0-0: Foul Ball, location: 2F 0-1: Called Strike 0-2: Ball 1-2: Ball 2-2: Ball 3-2: Foul Ball, location: 2F 3-2: Base on Balls
|
|
Batting: LHB Stu Sornson
|
0-0: Ball 1-0: Ball 2-0: Ball 3-0: Fly out, F2 (Popup, 23F, EV 92.5 MPH)
|
|
Batting: LHB Paul Diaz
|
0-0: Called Strike 0-1: Fielders Choice at 2nd, U6 (Groundball, 6MD, EV 105.0 MPH)
|
|
Batting: RHB Dermott Neill
|
0-0: Ball 1-0: Foul Ball, location: 2F 1-1: Foul Ball, location: 2F 1-2: DOUBLE (Groundball, 5L, EV 105.0 MPH) Paul Diaz to third
|
|
Batting: RHB Randy Johnson Jr.
|
0-0: Ball 1-0: Called Strike 1-1: Ball 2-1: Swinging Strike 2-2: Ground out 4-3 (Groundball, 6MS, EV 86.3 MPH)
|
| Bottom of the 4th over - 0 runs, 1 hit, 0 errors, 2 left on base; Seattle 0 - Baltimore 0 |
| TOP OF THE 5TH |
|
Seattle Mariners batting - Pitching for Baltimore Orioles : RHP Kevin Cushman
|
|
Pitching: RHP Mike Hurst
|
|
|
Batting: LHB Dae-ik Yoon
|
0-0: Called Strike 0-1: Swinging Strike 0-2: Strikes out swinging
|
|
Batting: LHB John Zumbo
|
0-0: Ball 1-0: Foul Ball, location: 2F 1-1: Foul Ball, location: 2F 1-2: Ball 2-2: Ball 3-2: Ground out 4-3 (Groundball, 4, EV 103.8 MPH)
|
|
Batting: SHB Tze-meng Gan
|
0-0: Foul Ball, location: 2F 0-1: Ball 1-1: Foul Ball, location: 2F 1-2: Strikes out swinging
|
| Top of the 5th over - 0 runs, 0 hits, 0 errors, 0 left on base; Seattle 0 - Baltimore 0 |
| BOTTOM OF THE 5TH |
|
Baltimore Orioles batting - Pitching for Seattle Mariners : RHP Bas Kooy
|
|
Pitching: RHP T.J. Stahlman
|
|
|
Batting: RHB Jeremy Giesler
|
0-0: Called Strike 0-1: Bunted foul 0-2: Ball 1-2: SINGLE (Line Drive, 89S, EV 95.6 MPH)
|
|
Batting: RHB Carlos Talavera
|
0-0: Called Strike 0-1: Swinging Strike 0-2: Grounds into double play, 5-4-3 (Groundball, 56, EV 90.6 MPH)
|
|
Batting: RHB Alex Rodriguez Jr.
|
0-0: Swinging Strike 0-1: Ball 1-1: SINGLE (Line Drive, 78S, EV 112.5 MPH)
|
|
Batting: RHB Kevin Howard
|
0-0: Ball 1-0: Called Strike 1-1: Ball 2-1: Ball 3-1: Swinging Strike 3-2: Base on Balls Alex Rodriguez Jr. to second
|
|
Batting: LHB Brad Pepin
|
0-0: Ball 1-0: Ball 2-0: Ball 3-0: Called Strike 3-1: Foul Ball, location: 2F 3-2: Strikes out looking
|
| Bottom of the 5th over - 0 runs, 2 hits, 0 errors, 2 left on base; Seattle 0 - Baltimore 0 |
| TOP OF THE 6TH |
|
Seattle Mariners batting - Pitching for Baltimore Orioles : RHP Mike Hurst
|
|
Batting: RHB Jose Vasquez
|
0-0: Foul Ball, location: 2F 0-1: Ball 1-1: Ball 2-1: Ball 3-1: Foul Ball, location: 2F 3-2: Fly out, F7 (Flyball, 7, EV 66.9 MPH)
|
|
Batting: RHB Steve Bartman Jr.
|
0-0: Called Strike 0-1: Called Strike 0-2: Ground out 1-3 (Groundball, 13, EV 66.3 MPH)
|
|
Batting: LHB Cliff Thomas
|
0-0: Ball 1-0: Foul Ball, location: 2F 1-1: Ball 2-1: Fly out, F9 (Flyball, 9S, EV 85.6 MPH)
|
| Top of the 6th over - 0 runs, 0 hits, 0 errors, 0 left on base; Seattle 0 - Baltimore 0 |
| BOTTOM OF THE 6TH |
|
Baltimore Orioles batting - Pitching for Seattle Mariners : RHP T.J. Stahlman
|
|
Batting: LHB Stu Sornson
|
0-0: Ball 1-0: Called Strike 1-1: Ground out 4-3 (Groundball, 4, EV 80.0 MPH)
|
|
Batting: LHB Paul Diaz
|
0-0: Called Strike 0-1: Called Strike 0-2: Ball 1-2: Ball 2-2: Foul Ball, location: 2F 2-2: Ball 3-2: Base on Balls
|
|
Batting: RHB Dermott Neill
|
0-0: Ball Paul Diaz is caught stealing 2nd base 2-4 1-0: Called Strike 1-1: DOUBLE (Groundball, 5L, EV 97.5 MPH)
|
|
Batting: RHB Randy Johnson Jr.
|
0-0: Called Strike 0-1: Foul Ball, location: 2F 0-2: Ball 1-2: Ball 2-2: Hit by Pitch
|
|
Batting: RHB Jeremy Giesler
|
0-0: Ball 1-0: Ball 2-0: Ground out 5-3 (Groundball, 5S, EV 68.8 MPH)
|
| Bottom of the 6th over - 0 runs, 1 hit, 0 errors, 2 left on base; Seattle 0 - Baltimore 0 |
| TOP OF THE 7TH |
|
Seattle Mariners batting - Pitching for Baltimore Orioles : RHP Mike Hurst
|
|
Pitching: LHP Matt Tomlinson
|
|
|
Batting: RHB Ivan Colon
|
0-0: Called Strike 0-1: Called Strike 0-2: Ball 1-2: Ground out 6-3 (Groundball, 6, EV 101.3 MPH)
|
|
Batting: LHB Jerrod Cluck
|
0-0: Called Strike 0-1: Called Strike 0-2: Ball 1-2: Strikes out looking
|
|
Batting: RHB Young-kwang Ohnn
|
0-0: Ball 1-0: Ball 2-0: Ball 3-0: Base on Balls
|
|
Pinch Hitting: RHB Jonathan Rangel
|
0-0: Ball 1-0: Ball 2-0: Ball 3-0: Base on Balls Young-kwang Ohnn to second
|
|
Batting: SHB Floyd-William Goof
|
0-0: Ball 1-0: Called Strike 1-1: Foul Ball, location: 2F 1-2: Ball 2-2: Ball 3-2: Base on Balls Young-kwang Ohnn to third Jonathan Rangel to second
|
|
Pinch Hitting: RHB Corey Ottinger
|
0-0: Ball 1-0: Ball 2-0: SINGLE (Groundball, 6MD, EV 99.4 MPH) Young-kwang Ohnn scores Jonathan Rangel to third Floyd-William Goof to second Runner from 3rd tries for Home, SAFE, throw by CF to home
|
|
Pinch Hitting: LHB Bi-jun Chien
|
0-0: Called Strike 0-1: Ball 1-1: Ball 2-1: Foul Ball, location: 2F 2-2: Foul Ball, location: 2F 2-2: Fly out, F6 (Popup, 6M, EV 57.5 MPH)
|
| Top of the 7th over - 2 runs, 1 hit, 0 errors, 2 left on base; Seattle 2 - Baltimore 0 |
| BOTTOM OF THE 7TH |
|
Baltimore Orioles batting - Pitching for Seattle Mariners : RHP T.J. Stahlman
|
|
Pitching: RHP David Sly
|
|
|
Now at 1B: Bi-jun Chien
|
|
|
Now at 3B: Corey Ottinger
|
|
|
Now in CF: Jonathan Rangel
|
|
|
Now in RF: Cliff Thomas
|
|
|
Batting: RHB Carlos Talavera
|
0-0: Ball 1-0: Called Strike 1-1: Foul Ball, location: 2F 1-2: Ball 2-2: Strikes out swinging
|
|
Pitching: LHP David Anaya
|
|
|
Pinch Hitting: RHB Andres Leon
|
0-0: Called Strike 0-1: Ball 1-1: Ground out 4-3 (Groundball, 4, EV 103.8 MPH)
|
|
Pinch Hitting: RHB Saimei Kudo
|
0-0: Ball 1-0: Called Strike 1-1: Called Strike 1-2: Fly out, F4 (Popup, 23, EV 93.8 MPH)
|
| Bottom of the 7th over - 0 runs, 0 hits, 0 errors, 0 left on base; Seattle 2 - Baltimore 0 |
| TOP OF THE 8TH |
|
Seattle Mariners batting - Pitching for Baltimore Orioles : LHP Matt Tomlinson
|
|
Now at 3B: Saimei Kudo
|
|
|
Now at SS: Andres Leon
|
|
|
Pinch Hitting: RHB Leon Alders
|
0-0: Ball 1-0: Ball 2-0: Ball 3-0: Base on Balls
|
|
Batting: LHB Cliff Thomas
|
0-0: Ball 1-0: Called Strike 1-1: Ball 2-1: Foul Ball, location: 2F 2-2: Hit by Pitch Leon Alders to second
|
|
Batting: RHB Ivan Colon
|
0-0: Ball 1-0: Called Strike 1-1: Swinging Strike 1-2: Strikes out looking
|
|
Batting: LHB Jerrod Cluck
|
0-0: Called Strike Leon Alders steals 3rd base 0-1: Ball 1-1: Foul Ball, location: 2F 1-2: Grounds into double play, 6-4-3 (Groundball, 6D, EV 103.8 MPH)
|
| Top of the 8th over - 0 runs, 0 hits, 0 errors, 1 left on base; Seattle 2 - Baltimore 0 |
| BOTTOM OF THE 8TH |
|
Baltimore Orioles batting - Pitching for Seattle Mariners : LHP David Anaya
|
|
Now at 2B: Leon Alders
|
|
|
Pinch Hitting: RHB Marc Peckermark
|
0-0: Ball 1-0: Called Strike 1-1: Swinging Strike 1-2: Foul Ball, location: 2F 1-2: Foul Ball, location: 2F 1-2: Ball 2-2: Strikes out swinging
|
|
Pinch Hitting: LHB Gabe Pace
|
0-0: Called Strike 0-1: Called Strike 0-2: Ball 1-2: Ball 2-2: Strikes out swinging
|
|
Pinch Hitting: RHB Ruben Garza
|
0-0: Called Strike 0-1: Fly out, F8 (Flyball, 89D, EV 98.8 MPH)
|
| Bottom of the 8th over - 0 runs, 0 hits, 0 errors, 0 left on base; Seattle 2 - Baltimore 0 |
| TOP OF THE 9TH |
|
Seattle Mariners batting - Pitching for Baltimore Orioles : LHP Matt Tomlinson
|
|
Pitching: RHP Paulo Guincho
|
|
|
Now at 2B: Ruben Garza
|
|
|
Now in LF: Gabe Pace
|
|
|
Now in CF: Marc Peckermark
|
|
|
Pinch Hitting: SHB Nelson Powell
|
0-0: Called Strike 0-1: Ball 1-1: Ball 2-1: Swinging Strike 2-2: Ball 3-2: Foul Ball, location: 2F 3-2: Strikes out swinging
|
|
Batting: RHB Jonathan Rangel
|
0-0: Swinging Strike 0-1: Foul Ball, location: 2F 0-2: Ball 1-2: Ball 2-2: Foul Ball, location: 2F 2-2: Foul Ball, location: 2F 2-2: Strikes out swinging
|
|
Batting: SHB Floyd-William Goof
|
0-0: Ball 1-0: Called Strike 1-1: Ball 2-1: Called Strike 2-2: Foul Ball, location: 2F 2-2: SINGLE (Groundball, 4M, EV 98.1 MPH)
|
|
Batting: RHB Corey Ottinger
|
0-0: Called Strike 0-1: Ball Floyd-William Goof steals 2nd base 1-1: Ball 2-1: Ball 3-1: Called Strike 3-2: Ground out 6-3 (Groundball, 6, EV 87.5 MPH)
|
| Top of the 9th over - 0 runs, 1 hit, 0 errors, 1 left on base; Seattle 2 - Baltimore 0 |
| BOTTOM OF THE 9TH |
|
Baltimore Orioles batting - Pitching for Seattle Mariners : LHP David Anaya
|
|
Pitching: RHP Elias Gonzalez
|
|
|
Now at C: Nelson Powell
|
|
|
Batting: SHB Jason Hayes
|
0-0: Swinging Strike 0-1: Ball 1-1: Foul Ball, location: 2F 1-2: Strikes out swinging
|
|
Pitching: RHP William Cordero
|
|
|
Pinch Hitting: RHB Vince Jackson
|
0-0: Foul Ball, location: 2F 0-1: Swinging Strike 0-2: Ball 1-2: Ball 2-2: Strikes out swinging
|
|
Pinch Hitting: RHB Casey Nelligan
|
0-0: Hit by Pitch
|
|
Batting: RHB Carlos Talavera
|
0-0: Called Strike 0-1: SINGLE (Flyball, 89M, EV 91.3 MPH) Casey Nelligan to second
|
|
Batting: RHB Andres Leon
|
0-0: Ball 1-0: Foul Ball, location: 2F 1-1: Ball 2-1: Fly out, F8 (Flyball, 8RD, EV 91.9 MPH)
|
| Bottom of the 9th over - 0 runs, 1 hit, 0 errors, 2 left on base; Seattle 2 - Baltimore 0 |
|